 Dungeon Crawl Stone Soup version bcrawl-1.19.2-6-g6a88ae04c9 (webtiles) character file.

Game seed: 11799766135235698776

224 Freyura the Cudgeler (level 5, -2/41 HPs)
             Began as a Demonspawn Gladiator on Jan 6, 2020.
             Slain by a hippogriff (3 damage)
             ... on level 3 of the Dungeon.
             The game lasted 00:04:40 (2838 turns).

Freyura the Cudgeler (Demonspawn Gladiator)         Turns: 2838, Time: 00:04:40

Health: -2/41      AC:  7    Str: 14    XL:     5   Next: 67%
Magic:  0/5        EV: 11    Int: 10    God:
Gold:   160        SH:  0    Dex: 15    Spells: 4/4 levels left

rFire    . . .     SeeInvis .   a - +0 flail
rCold    . . .     Gourm    .   (no shield)
rNeg     . . .     Faith    .   j - +0 scale mail
rPois    .         Spirit   +   c - +0 helmet
rElec    .         Reflect  .   e - scarf {Spirit}
rCorr    .         Harm     .   (no gloves)
MR       .....                  (no boots)
Stlth    ++........             p - amulet of the acrobat
HPRegen  0.13/turn              (no ring)
MPRegen  0.09/turn              (no ring)

@: no status effects
A: nightstalker 2
a: no special abilities


You were on level 3 of the Dungeon.
You were not hungry.

You visited 1 branch of the dungeon, and saw 3 of its levels.

You collected 160 gold pieces.

Inventory:

Hand Weapons
 a - a +0 flail (weapon)
Missiles
 d - 3 throwing nets (quivered) {!f}
Armour
 b - a +0 leather armour
 c - a +0 helmet (worn)
 e - a scarf of spirit shield (worn)
 h - a scarf of resistance
 j - a +0 scale mail (worn)
Jewellery
 p - an amulet of the acrobat (around neck)
 r - a +3 ring of slaying {unknown}
 v - a +5 ring of intelligence {unknown}
Scrolls
 g - a scroll of magic mapping {unknown}
 k - 2 scrolls of enchant armour {unknown}
 n - 2 scrolls of remove curse {unknown}
 q - a scroll of enchant weapon {unknown}
 s - a scroll of amnesia {unknown}
 w - a scroll of teleportation {unknown}
Potions
 i - a potion of heal wounds {unknown}
 l - 2 potions of curing {unknown}
 m - a potion of brilliance {unknown}
 o - a potion of haste {unknown}
 t - a potion of experience {unknown}
 u - a potion of might {unknown}
Comestibles
 f - 6 rations {!d}
 x - a chunk of flesh


   Skills:
 + Level 3.1 Fighting
 * Level 4.2 Maces & Flails
 - Level 1.7 Throwing
 + Level 2.0 Armour
 + Level 3.5 Dodging


You had 4 spell levels left.
You didn't know any spells.
Your spell library was empty.

Dungeon Overview and Level Annotations

Branches:
Dungeon (3/12)

Altars:


Innate Abilities, Weirdness & Mutations

You are significantly more attuned to the shadows.


Message History

You barely miss the hippogriff.
The hippogriff is heavily wounded.
The hippogriff bites you but does no damage.
The hippogriff completely misses you.
The hippogriff claws you but does no damage.
You hit the hippogriff.
The hippogriff is heavily wounded.
The hippogriff closely misses you. The hippogriff pecks you.
* * * LOW HITPOINT WARNING * * *
The hippogriff barely misses you.
The hippogriff bites you but does no damage.
The hippogriff pecks you.
* * * LOW HITPOINT WARNING * * *
The hippogriff claws you but does no damage.
You thump the hippogriff!
The hippogriff is almost dead.
The hippogriff bites you.
* * * LOW HITPOINT WARNING * * *
The hippogriff pecks you.
You die...

#.########
#.....)..#
########.# #.#
.# #.# .# #.#
.#### #.#
##...<.
#.######...#
#.##....@..#
#.##.###H..#
#.##.# ##.##
#.##.# .# #.##.#
.. #.##.# ### #
#.##.# ## #.##.#
.########.##.###


You could see a hippogriff.

Vanquished Creatures
  An ogre (D:3)
  A bullfrog zombie (D:3)
  A worker ant (D:3)
  2 adders (D:3)
  2 worms
  3 dart slugs
  6 orcs (D:3)
  A ball python (D:1)
  6 bats
  2 giant cockroaches
  4 goblins
  5 hobgoblins (D:1)
  6 jackals
  A quokka (D:3)
  2 frilled lizards (D:1)
  4 kobolds
  3 rats (D:1)
  A plant (D:1)
51 creatures vanquished.

Notes
Turn   | Place    | Note
-------+----------+-------------------------------------------
     0 | D:1      | Freyura the Demonspawn Gladiator began the quest for the
                  | Orb.
     0 | D:1      | Reached XP level 1. HP: 16/16 MP: 1/1
   305 | D:1      | Gained mutation: You are slightly more attuned to the
                  | shadows. [demonic ancestry]
   305 | D:1      | Reached XP level 2. HP: 20/22 MP: 2/2
   362 | D:1      | Reached skill level 3 in Maces & Flails
  1346 | D:2      | Gained mutation: You are significantly more attuned to the
                  | shadows. [demonic ancestry]
  1346 | D:2      | Reached XP level 3. HP: 26/28 MP: 1/3
  1696 | D:2      | Reached skill level 1 in Armour
  1896 | D:3      | Reached XP level 4. HP: 19/34 MP: 1/4
  2201 | D:3      | Noticed an ogre
  2208 | D:3      | Killed an ogre
  2208 | D:3      | Reached skill level 4 in Maces & Flails
  2208 | D:3      | Reached XP level 5. HP: 8/41 MP: 1/5
  2824 | D:3      | Noticed a hippogriff
  2837 | D:3      | HP: 2/41 [hippogriff (5)]
  2838 | D:3      | Slain by a hippogriff

Skill      XL: |  1  2  3  4  5 |
---------------+----------------+-----
Maces & Flails | 3 4 |  4.2
Dodging        | 3 |  3.5
Armour         | 1 2 |  2.0
Fighting       | 3 |  3.1
Throwing       | |  1.7

Action                   |  1- 3 |  4- 6 || total
-------------------------+-------+-------++-------
Melee: Flail             |   170 |    67 ||   237
  Use: Scroll            |     1 |       ||     1
 Stab: Sleeping          |     4 |     3 ||     7
  Eat: Chunk             |     3 |     3 ||     6
Armor: Leather armour    |    21 |       ||    21
       Scale mail        |    32 |    35 ||    67
Dodge: Dodged            |   100 |    53 ||   153
